 Dungeon Crawl Stone Soup version 0.25-a0-942-g87a53962fc (webtiles) character file.

Game seed: 4478445094055671993, levelgen mode: deterministic

340 mortelune the Bolt Thrower (level 6, -2/52 HPs)
             Began as a Centaur Hunter on May 6, 2020.
             Slain by Sigmund
             ... wielding a +2 scythe of protection
              (10 damage)
             ... on level 3 of the Dungeon.
             The game lasted 00:07:33 (4451 turns).

mortelune the Bolt Thrower (Centaur Hunter)         Turns: 4451, Time: 00:07:33

Health: -2/52      AC:  5    Str: 16    XL:     6   Next: 30%
Magic:  6/6        EV:  8    Int: 10    God:
Gold:   172        SH:  0    Dex: 10    Spells: 5/5 levels left

rFire    . . .     SeeInvis .   b - +0 flail
rCold    . . .     Gourm    .   (no shield)
rNeg     . . .     Faith    .   d - +0 ring mail
rPois    .         Spirit   .   (no helmet)
rElec    .         Reflect  .   (no cloak)
rCorr    .         Harm     .   (no gloves)
MR       .....                  (no barding)
Stlth    ..........             R - amulet of regeneration
HPRegen  0.57/turn              (no ring)
MPRegen  0.10/turn              (no ring)

@: lethally poisoned (-2 -> -3), heavily drained, very quick
A: large, hooves 3, deformed body, speed 2, tough skin 3
a: no special abilities


You were on level 3 of the Dungeon.
You were hungry.

You visited 1 branch of the dungeon, and saw 4 of its levels.

You collected 172 gold pieces.

Inventory:

Hand Weapons
 a - a +1 hand crossbow
 b - a +0 flail (weapon)
 q - a +0 short sword
Missiles
 Q - 9 bolts
Armour
 c - a +0 leather armour
 d - a +0 ring mail (worn)
Jewellery
 p - an uncursed ring of positive energy {unknown}
 R - an amulet of regeneration (around neck)
Scrolls
 e - a scroll of fear {unknown}
 g - 7 scrolls of remove curse {unknown}
 h - a scroll of magic mapping
 i - a scroll of identify
 l - a scroll of enchant weapon {unknown}
 m - a scroll of noise {unknown}
Potions
 j - 2 potions of invisibility {unknown}
 k - a potion of magic
 n - a potion of resistance {unknown}
 o - 6 potions of curing {unknown}
Comestibles
 f - 8 rations


   Skills:
 + Level 4.1(2.5) Fighting
 * Level 7.2(5.5) Crossbows
 - Level 1.5(0.1) Dodging
 - Level 0.6(0.0) Stealth


You had 5 spell levels left.
You didn't know any spells.
Your spell library was empty.

Dungeon Overview and Level Annotations

Branches:
Dungeon (4/15)
 Temple: D:4-7

Altars:
Cheibriados
Ru

Annotations:
D:3 Sigmund


Innate Abilities, Weirdness & Mutations

You have hooves in place of feet.
Armour fits poorly on your strangely shaped body.
You cover ground very quickly.
You have extremely tough skin. (AC +3)


Message History

The adder is severely wounded.
You feel sick. Something hits you. The adder completely misses you.
You barely miss the adder.
The adder is severely wounded.
You feel sick.
The adder bites you but does no damage. x2; Something hits you!
* * * LOW HITPOINT WARNING * * *
You barely miss the adder. Your kick misses the adder.
The adder is severely wounded.
You feel sick. The adder bites you.
* * * LOW HITPOINT WARNING * * *
Something hits you.
* * * LOW HITPOINT WARNING * * *
The adder closely misses you.
You barely miss the adder.
The adder is severely wounded.
Sigmund appears from thin air!
Reactivating autopickup.
The adder bites you but does no damage.
Sigmund hits you from afar with a +2 scythe of protection!
You die...

###### #...)# ########
#.##.########
.......#########.##.#......#
##.###.##.....@S@...#.####.# #.#
#.#.....###.####.####.#####
##'###.......'.......))...[...>##
.'_'...#.....###.#..#.##.[......#
######.#.....#......#.##.#.###..#
### #.#.....#......+.##.#.# #..#
######.......#......####.#.# #..#
.............#......# #.#.# #..#
#.#######'####......# #.#.###.<#


You could see Sigmund and an adder.

Vanquished Creatures
  A scorpion (D:3)
  A howler monkey (D:4)
  An iguana (D:4)
  2 orc wizards
  9 adders
  A worm (D:2)
  3 dart slugs
  3 leopard geckos
  6 orcs
  2 ball pythons (D:1)
  5 bats
  5 giant cockroaches
  8 goblins
  7 hobgoblins
  3 jackals (D:1)
  6 kobolds
  A quokka (D:4)
  4 frilled lizards
  9 rats
77 creatures vanquished.

Notes
Turn   | Place    | Note
-------+----------+-------------------------------------------
     0 | D:1      | mortelune the Centaur Hunter began the quest for the Orb.
     0 | D:1      | Reached XP level 1. HP: 17/17 MP: 1/1
   127 | D:1      | Reached XP level 2. HP: 21/24 MP: 2/2
   697 | D:1      | Reached skill level 5 in Crossbows
   701 | D:1      | Reached XP level 3. HP: 29/30 MP: 3/3
   918 | D:2      | Found a snail-covered altar of Cheibriados.
  1537 | D:2      | Reached XP level 4. HP: 18/37 MP: 4/4
  2780 | D:3      | Reached skill level 6 in Crossbows
  2978 | D:3      | Found a sacrificial altar of Ru.
  3008 | D:3      | Reached XP level 5. HP: 41/45 MP: 5/5
  3434 | D:3      | Noticed Sigmund
  3912 | D:4      | Reached XP level 6. HP: 52/52 MP: 6/6
  3942 | D:4      | Reached skill level 7 in Crossbows
  4451 | D:3      | Slain by Sigmund

Levels and vault maps discovered:
D:1:      minmay_arrival_doors, layout_basic, minivault_26, minivault_27,
          chequers_serial_rivers_micro_e
D:2:      layout_basic, nicolae_overflow_hidden_temple
D:3:      layout_basic, lemuel_doored_altar, zin_purify, lemuel_round_altar,
          uniq_sigmund
D:4:      layout_gridville, kennysheep_generic_room_14

Skill      XL: |  1  2  3  4  5  6 |
---------------+-------------------+-----
Crossbows      | 5 6 7 |  7.2
Fighting       | 3 4 |  4.1
Dodging        | |  1.5
Stealth        | |  0.6

Action                   |  1- 3 |  4- 6 || total
-------------------------+-------+-------++-------
Melee: Short sword       |   137 |    92 ||   229
       Kick              |    18 |    21 ||    39
       Flail             |       |    46 ||    46
 Fire: Hand crossbow     |    14 |    28 ||    42
  Use: Scroll            |     3 |       ||     3
  Eat: Chunk             |     1 |     8 ||     9
Armor: Ring mail         |    80 |    89 ||   169
Dodge: Dodged            |    76 |    58 ||   134

Table legend:
 A = Non-vault XP
 B = Vault XP
 C = Vault XP percentage of total XP
 D = Non-vault monster count
 E = Vault monster count
 F = Vault count percentage of total count
                 A         B        C        D         E       F
            +---------+---------+-------+---------+---------+-------
      Total |     450 |      37 |   7.6 |      76 |       1 |   1.3
            +---------+---------+-------+---------+---------+-------
        D:1 |      43 |       0 |   0.0 |      25 |       0 |   0.0
        D:2 |      94 |       0 |   0.0 |      24 |       0 |   0.0
        D:3 |     191 |       0 |   0.0 |      19 |       0 |   0.0
        D:4 |     122 |      37 |  23.3 |       8 |       1 |  11.1
            +---------+---------+-------+---------+---------+-------
